 Dungeon Crawl Stone Soup version 0.30-a0-377-g5cb311bc9f (webtiles) character file.

Game seed: 7279298723925031186

205 bande the Covered (level 5, -26/33 HPs)
             Began as a Gargoyle Fighter on Nov 28, 2022.
             Annihilated by an ogre
             ... wielding a +0 giant club
              (31 damage)
             ... on level 4 of the Dungeon.
             The game lasted 00:05:01 (3211 turns).

bande the Covered (Gargoyle Fighter)                Turns: 3211, Time: 00:05:01

Health: -26/33     AC: 13    Str: 19    XL:     5   Next: 83%
Magic:  5/5        EV:  9    Int:  9    God:
Gold:   137        SH:  4    Dex: 11    Spells: 4/4 levels left

rFire   . . .      SeeInvis .    a - +1 war axe
rCold   . . .      Faith    .    c - +0 buckler
rNeg    + . .      Spirit   .    b - +0 scale mail
rPois   ∞          Reflect  .    (no helmet)
rElec   +          Harm     .    (no cloak)
rCorr   .          Rampage  .    (no gloves)
Will    .....                    e - +1 pair of boots
Stlth   ..........               (no amulet)
HPRegen 0.25/turn                (no ring)
MPRegen 0.09/turn                (no ring)

@: no status effects
A: sickness immunity, AC +4, negative energy resistance 1, electricity
resistance, torment resistance 1, petrification resistance
a: no special abilities


You were on level 4 of the Dungeon.
You visited 1 branch of the dungeon, and saw 4 of its levels.

You collected 137 gold pieces.

Inventory:

Hand Weapons
 a - a +1 war axe (weapon)
 m - a +0 war axe
Armour
 b - a +0 scale mail (worn)
 c - a +0 buckler (worn)
 e - a +1 pair of boots (worn)
 f - a +0 chain mail
Wands
 h - a wand of roots (9)
Potions
 d - 2 potions of might
 g - 2 potions of curing
 i - 2 potions of magic
 j - a potion of berserk rage {unknown}
 k - 2 potions of ambrosia {unknown}
 l - a potion of mutation {unknown}
 n - a potion of brilliance {unknown}


   Skills:
 + Level 4.0 Fighting
 + Level 3.8 Axes
 + Level 4.2 Armour
 - Level 0.2 Dodging
 + Level 3.8 Shields
 * Level 1.0 Evocations


You had 4 spell levels left.
You didn't know any spells.
Your spell library contained the following spells:

 Spells                   Type           Power      Damage    Failure   Level
 Blink                    Tloc           0%         N/A       93%         2
 Momentum Strike          Conj/Tloc      0%         3d8       93%         2
 Call Canine Familiar     Summ           0%         N/A       99%         3
 Lesser Beckoning         Tloc           0%         N/A       99%         3
 Portal Projectile        Hex/Tloc       0%         N/A       99%         3
 Leda's Liquefaction      Hex/Erth       0%         N/A       100%        4


Dungeon Overview and Level Annotations

Branches:
Dungeon (4/15)
 Temple: D:4-7

Altars:


Innate Abilities, Weirdness & Mutations

You are immune to sickness and miasma.
Your stone body is resilient. (AC +4)
You are immune to poison.
You resist negative energy. (rN+)
You are resistant to electric shocks. (rElec)
You are resistant to unholy torment.
You are immune to petrification.


Message History

You hit the goblin.
The goblin is severely wounded.
The goblin hits you but does no damage. The goblin hits you with a +0 club.
You barely miss the goblin.
The goblin is severely wounded.
The goblin hits you but does no damage.
You hit the goblin.
You kill the goblin!
Things that are here:
a +0 club; a goblin corpse A kobold comes into view.
It is wielding a +0 club.
The kobold shouts!
You closely miss the kobold. The kobold closely misses you.
You hit the kobold.
You kill the kobold!
Things that are here:
a +0 club; a kobold corpse
There is a stone staircase leading up here.
You hear the slow hiss of a distant avalanche of sand.
Found 6 stones.
Found a stone staircase leading down.
There is a stone staircase leading down here.
Found a trident.
Found a potion of degeneration.
An ogre comes into view. It is wielding a +0 giant club.
The ogre shouts!
You hear the hiss of an avalanche of sand very nearby.
You hit the ogre.
The ogre is moderately wounded.
The ogre hits you with a +0 giant club!!
Ouch! That really hurt!
* * * LOW HITPOINT WARNING * * *
You hit the ogre.
The ogre is moderately wounded.
The ogre hits you but does no damage.
You hit the ogre.
The ogre is moderately wounded.
The ogre hits you with a +0 giant club!!
Ouch! That really hurt!
You die...

#.#.#
#.#.#
#!#.# #
#.#.#
#.#.#.#
#.#.#.#
#.O#.#
#@..#
##..#
##..##
#..##
.)....#.#
#######.#
#.# #.#
#.#


You could see an ogre.

Vanquished Creatures
  2 orc wizards (D:4)
  Natasha (twice) (D:2)
  3 adders
  2 worms (D:3)
  3 dart slugs
  5 orcs
  5 bats
  7 endoplasms
  2 giant cockroaches (D:2)
  3 goblins
  7 hobgoblins
  2 jackals (D:1)
  4 ball pythons
  5 frilled lizards
  7 kobolds
  8 rats
67 creatures vanquished.

Notes
Turn   | Place    | Note
-------+----------+-------------------------------------------
     0 | D:1      | bande the Gargoyle Fighter began the quest for the Orb.
     0 | D:1      | Reached XP level 1. HP: 14/14 MP: 1/1
    71 | D:1      | Reached XP level 2. HP: 17/19 MP: 2/2
   524 | D:1      | Reached XP level 3. HP: 20/23 MP: 3/3
   972 | D:2      | Noticed Natasha
   977 | D:2      | Killed Natasha
  1100 | D:2      | Reached XP level 4. HP: 26/29 MP: 4/4
  1373 | D:2      | Noticed Natasha
  1383 | D:2      | Killed Natasha
  2300 | D:3      | Reached XP level 5. HP: 33/33 MP: 5/5
  3101 | D:4      | Reached skill level 1 in Evocations
  3204 | D:4      | Noticed an ogre
  3211 | D:4      | Annihilated by an ogre

Illustrated notes

Levels and vault maps discovered:
D:1:      minmay_arrival_nine_rooms, layout_basic, minmay_pentomino_q2
D:2:      layout_basic, serial_co_window_serial, co_window_paths_a,
          co_window_paths_b, co_window_corner_a, co_window_paths_b,
          co_window_corner_a, co_window_cross_4, co_window_corner_ca,
          co_window_corner_b, co_window_corner_cb, co_window_of_opportunity_b,
          co_window_broadway_c, co_window_corner_b, glass_columns_c,
          glass_columns_a, glass_columns_a, glass_columns_c, glass_columns_a,
          uniq_natasha
D:3:      layout_loops_corners
D:4:      layout_loops_ring, tso_altar, gammafunk_ghost_nasty_kobolds,
          nicolae_ossuary_entry_giza

Skill      XL: |  1  2  3  4  5 |
---------------+----------------+-----
Axes           | 2 3 |  3.8
Armour         | 4 |  4.2
Fighting       | 4 |  4.0
Evocations     | 1 |  1.0
Dodging        | |  0.2
Shields        | |  3.8

Action                   |  1- 3 |  4- 6 || total
-------------------------+-------+-------++-------
Melee: War axe           |    71 |   154 ||   225
  Use: Scroll            |     4 |     5 ||     9
Armor: Scale mail        |    51 |    91 ||   142
Dodge: Dodged            |    33 |    51 ||    84
Block: Buckler           |    14 |    30 ||    44

Table legend: (Time is in decaauts)
 A = Elapsed time spent in this place.
 B = Non-inter-level travel time spent in this place.
 C = Inter-level travel time spent in this place.
 D = Time resting spent in this place.
 E = Time spent auto-exploring this place.
 F = Levels seen in this place.
 G = Mean time per level.
                   A        B        C        D        E       F      G
               +--------+--------+--------+--------+--------+-----+--------+
         Total |   3307 |   3285 |     22 |    191 |   2362 |   4 |  826.8 |
       Dungeon |   3307 |   3285 |     22 |    191 |   2362 |   4 |  826.8 |
               +--------+--------+--------+--------+--------+-----+--------+

Top non-repeatable levels by time:
     D:2: 1208 daAuts
     D:3: 976 daAuts
     D:1: 918 daAuts
     D:4: 205 daAuts
